Map: [ESL] Goldenaura

Players

Nice - Winner!

  • Race: Protoss Protoss
  • Spawn Location: 12:00

Jieshi

  • Race: Protoss Protoss
  • Spawn Location: 5:00

Event: ESL SC2 Masters 2024 Spring (Regional)

VOD

Have the link to the VOD?

Description

Time

  • Played on: April 26, 2024, 7:41 a.m.
  • Length: 32:33

All games in this series

Show
View Real Time Build Order
Export as new Build Order

Nice Protoss - Winner!

Build Orders: Oracle Opening, Archon Immortal 

Get SALT Encoding   

  12  0:00  Probe  
  13  0:12  Probe  
  14  0:17  Pylon  
  14  0:24  Probe (Chrono Boost)  
  15  0:36  Probe (Chrono Boost), Gateway  
  15  0:42  Probe  
  16  0:46  Assimilator  
  17  0:54  Probe (Chrono Boost)  
  17  0:55  Assimilator  
  18  1:06  Probe (Chrono Boost)  
  18  1:08  Gateway  
  19  1:13  Probe (Chrono Boost)  
  20  1:20  Probe  
  21  1:25  Cybernetics Core  
  21  1:33  Probe  
  21  1:37  Pylon  
  22  1:45  Probe  
  23  1:57  Probe  
  24  2:02  Sentry, Stalker  
  24  2:04  Warp Gate  
  28  2:09  Probe  
  28  2:15  Pylon  
  29  2:32  Stargate  
  29  2:47  Nexus  
  29  2:49  Probe  
  30  3:00  Shield Battery  
  30  3:03  Probe  
  31  3:13  Oracle (Chrono Boost)  
  31  3:16  Probe  
  35  3:28  Probe  
  36  3:36  Robotics Facility  
  36  3:40  Probe  
  37  3:42  Pylon  
  37  3:52  Probe, Pylon  
  38  3:59  Probe, Oracle  
  42  4:04  Probe  
  43  4:14  Probe  
  43  4:16  Probe  
  45  4:19  Stalker  
  45  4:23  Observer  
  48  4:31  Pylon  
  48  4:35  Probe (Chrono Boost)  
  48  4:37  Probe (Chrono Boost)  
  50  4:42  Nexus  
  52  4:46  Probe x2 (Chrono Boost)  
  52  4:50  Probe (Chrono Boost)  
  53  4:53  Adept x2  
  57  5:00  Probe  
  57  5:02  Probe  
  57  5:03  Pylon  
  57  5:06  Twilight Council  
  59  5:13  Probe  
  59  5:14  Probe  
  61  5:15  Immortal  
  65  5:25  Probe  
  65  5:26  Probe  
  67  5:37  Probe (Chrono Boost)  
  67  5:38  Probe (Chrono Boost)  
  67  5:39  Forge  
  67  5:42  Assimilator  
  65  5:43  Assimilator  
  65  5:48  Probe x2 (Chrono Boost)  
  67  5:52  Probe (Chrono Boost)  
  67  5:53  Probe (Chrono Boost)  
  67  5:54  Probe, Immortal (Chrono Boost)  
  74  5:58  Pylon  
  74  5:59  Charge (Chrono Boost)  
  74  6:03  Probe  
  75  6:04  Probe  
  75  6:06  Protoss Ground Weapons Level 1 (Chrono Boost), Probe  
  75  6:10  Gateway  
  77  6:14  Templar Archives  
  77  6:15  Probe  
  77  6:16  Probe  
  79  6:18  Probe  
  79  6:20  Shield Battery  
  80  6:27  Probe  
  80  6:28  Probe  
  80  6:30  Warp Prism (Chrono Boost)  
  86  6:43  Gateway  
  86  6:44  Gateway  
  86  6:45  Gateway  
  84  6:47  Gateway  
  84  6:50  Gateway  
  84  6:51  Pylon  
  84  6:55  Observer  
  84  6:56  Immortal (Chrono Boost)  
  84  6:58  Zealot x2  
  92  7:13  Photon Cannon  
  92  7:14  Pylon  
  92  7:18  Pylon  
  92  7:20  Nexus  
  92  7:22  Probe x3  
  95  7:26  Photon Cannon  
  95  7:29  Blink (Chrono Boost)  
  95  7:30  Pylon, High Templar x2  
  95  7:32  Pylon  
  95  7:35  Archon  
  99  7:38  Shield Battery  
  99  7:43  Immortal (Chrono Boost)  
  103  7:47  Zealot x3  
  109  7:56  Zealot x3  
  111  8:06  Zealot x2  
  111  8:10  Protoss Ground Weapons Level 2 (Chrono Boost)  
  115  8:15  Stalker x3  
  115  8:18  Pylon  
  121  8:20  Pylon  
  121  8:21  Zealot x3  
  125  8:28  Immortal (Chrono Boost)  
  125  8:29  Zealot x2  
  96  8:42  Zealot x6  
  96  8:47  Probe x2  
  104  8:56  Stalker x2  
  104  9:02  Observer  
  109  9:03  Stalker  
  109  9:04  Stalker x2  
  109  9:07  Zealot x2  
  118  9:11  Zealot  
  115  9:22  Immortal  
  115  9:23  Phoenix (Chrono Boost)  
  115  9:29  Stalker  
  115  9:30  Stalker x2  
  119  9:41  High Templar x2, Zealot x3  
  129  9:45  Archon  
  129  9:52  Pylon  
  129  9:59  Zealot x3  
  135  10:00  Nexus  
  135  10:11  High Templar x2  
  135  10:12  Zealot  
  141  10:16  Archon  
  141  10:22  Protoss Ground Weapons Level 3 (Chrono Boost)  
  141  10:25  Stalker x2  
  149  10:28  Assimilator  
  149  10:29  Assimilator  
  149  10:30  Zealot x3  
  149  10:33  Pylon  
  149  10:34  Pylon  
  151  10:52  Stalker  
  151  10:54  Stalker x3  
  159  11:01  Pylon  
  159  11:02  Zealot x4  
  167  11:10  Oracle (Chrono Boost)  
  167  11:11  Observer  
  165  11:15  Photon Cannon  
  165  11:17  Shield Battery  
  169  11:24  Nexus  
  169  11:25  Probe  
  169  11:26  Probe x2, Pylon  
  169  11:27  Pylon  
  169  11:28  Photon Cannon  
  172  11:33  Pylon  
  172  11:37  Robotics Bay, Oracle  
  172  11:38  Probe  
  172  11:49  Shield Battery, Observer  
  172  11:55  Probe x2  
  172  12:00  Pylon  
  175  12:07  Probe  
  175  12:08  Nexus  
  175  12:09  Observer  
  175  12:14  Probe  
  177  12:19  Probe  
  178  12:27  Disruptor (Chrono Boost)  
  178  12:28  Probe  
  179  12:31  Probe  
  179  12:32  Gravitic Boosters  
  179  12:36  Assimilator  
  184  12:37  Assimilator  
  184  12:40  Probe, Shield Battery  
  184  12:43  Probe, Shield Battery x2  
  186  12:47  Shield Battery  
  186  12:55  Disruptor  
  186  12:57  Zealot  
  186  12:58  Zealot  
  194  13:00  Protoss Ground Armor Level 1 (Chrono Boost)  
  192  13:08  Zealot x2  
  190  13:21  Disruptor  
  186  13:31  Fleet Beacon  
  186  13:33  Robotics Facility  
  188  13:36  Stargate  
  188  13:39  Protoss Air Weapons Level 1 (Chrono Boost), Photon Cannon  
  188  13:41  Photon Cannon  
  188  13:43  Pylon  
  178  13:57  Disruptor  
  181  14:18  Tempest x2 (Chrono Boost)  
  189  14:33  Disruptor  
  189  14:36  Photon Cannon  
  193  14:41  Photon Cannon  
  193  14:42  Shield Battery  
  193  14:45  Observer  
  193  14:46  Pylon  
  193  14:54  Photon Cannon  
  193  14:56  Photon Cannon  
  193  14:59  Shield Battery  
  199  15:02  Mothership (Chrono Boost)  
  199  15:10  Observer  
  199  15:28  Observer  
  197  15:51  Observer  
  197  15:56  Pylon  
  198  15:59  Protoss Air Weapons Level 2 (Chrono Boost), Nexus  
  198  16:00  Stargate  
  198  16:08  Stargate  
  197  16:11  Cybernetics Core  
  185  16:35  Probe x4  
  185  16:37  Protoss Shields Level 1 (Chrono Boost)  
  189  16:43  Tempest x2  
  189  16:46  Nexus  
  191  16:47  Pylon  
  191  16:50  Pylon  
  191  16:51  Photon Cannon  
  191  16:52  Observer  
  191  16:53  Photon Cannon  
  185  16:56  Photon Cannon  
  185  16:57  Photon Cannon  
  185  17:00  Shield Battery  
  185  17:01  Tempest x2  
  185  17:02  Shield Battery  
  185  17:04  Photon Cannon  
  185  17:06  Photon Cannon  
  195  17:08  Pylon  
  195  17:09  Pylon  
  195  17:12  Assimilator  
  195  17:15  Assimilator  
  195  17:17  Photon Cannon  
  195  17:18  Shield Battery  
  195  17:20  Pylon  
  195  17:21  Shield Battery  
  195  17:22  Shield Battery  
  195  17:24  Photon Cannon  
  195  17:25  Photon Cannon  
  195  17:39  Protoss Air Armor Level 1 (Chrono Boost)  
  195  17:40  Tempest  
  200  17:44  Observer  
  200  17:57  Dark Shrine  
  194  17:59  Oracle x2  
  194  18:00  Stargate  
  194  18:03  Unknown  
  194  18:04  Stargate, Gateway  
  194  18:05  Gateway  
  200  18:30  Protoss Shields Level 2 (Chrono Boost)  
  200  18:43  Protoss Air Weapons Level 3 (Chrono Boost)  
  192  18:49  Photon Cannon  
  184  18:58  Carrier (Chrono Boost)  
  184  18:59  Photon Cannon  
  184  19:00  Photon Cannon  
  184  19:02  Photon Cannon  
  198  19:08  Carrier x2 (Chrono Boost)  
  198  19:22  Protoss Air Armor Level 2 (Chrono Boost)  
  198  19:25  Photon Cannon  
  198  19:27  Photon Cannon, Shadow Stride (Chrono Boost)  
  198  19:29  Photon Cannon  
  198  19:30  Shield Battery  
  198  19:35  Photon Cannon  
  198  19:36  Photon Cannon  
  198  19:38  Photon Cannon  
  198  19:39  Shield Battery  
  196  19:55  Photon Cannon  
  196  19:57  Photon Cannon  
  196  19:58  Photon Cannon  
  196  19:59  Photon Cannon  
  196  20:01  Shield Battery  
  196  20:18  Pylon  
  196  20:33  Protoss Shields Level 3 (Chrono Boost)  
  196  20:40  Photon Cannon  
  195  20:42  Photon Cannon  
  195  20:43  Photon Cannon  
  195  20:45  Tempest  
  195  20:46  Photon Cannon  
  195  20:47  Shield Battery  
  195  20:48  Shield Battery  
  200  20:53  Pylon, Observer  
  200  21:13  Pylon  
  198  21:21  Tempest x2  
  192  21:29  Tempest  
  192  21:31  Nexus  
  192  21:32  Pylon, Psionic Storm  
  194  21:42  Assimilator  
  194  21:43  Assimilator, Pylon  
  194  21:45  Photon Cannon  
  194  21:46  High Templar x2  
  198  21:48  Photon Cannon  
  198  21:49  Photon Cannon  
  198  21:50  Shield Battery  
  198  21:57  Pylon  
  198  21:59  Observer (Chrono Boost)  
  200  22:05  Observer (Chrono Boost)  
  198  22:10  Protoss Air Armor Level 3  
  198  22:12  Shield Battery  
  198  22:13  Shield Battery  
  198  22:20  Shield Battery  
  198  22:23  Shield Battery x2  
  198  22:25  Shield Battery  
  198  22:27  Dark Templar, Observer, Pylon  
  200  23:20  Photon Cannon  
  200  23:23  Photon Cannon  
  200  23:26  Photon Cannon  
  199  23:27  Photon Cannon  
  197  23:38  Observer  
  194  24:13  Tempest  
  184  24:26  Tempest x2  
  184  24:27  Tempest  
  184  24:29  Observer  
  195  24:33  Observer  
  195  24:34  Protoss Ground Armor Level 2 (Chrono Boost)  
  196  24:43  Oracle  
  196  24:44  Observer  
  200  24:48  Observer  
  199  25:11  Observer (Chrono Boost)  
  197  25:54  Tempest  
  198  26:04  Tempest  
  197  26:10  Oracle  
  200  26:19  Observer  
  195  26:36  Pylon  
  195  26:37  Nexus  
  170  26:47  Photon Cannon  
  170  26:49  Photon Cannon, Carrier x3 (Chrono Boost)  
  170  26:50  Photon Cannon x3  
  170  26:53  Observer  
  195  26:59  Carrier x2 (Chrono Boost)  
  193  27:06  Probe (Chrono Boost)  
  191  27:16  Probe (Chrono Boost)  
  191  27:21  Probe (Chrono Boost)  
  188  27:32  Probe, Observer  
  188  27:34  Carrier (Chrono Boost)  
  188  27:36  Probe  
  190  27:42  Photon Cannon  
  190  27:43  Photon Cannon  
  196  27:45  Probe, Observer  
  196  27:50  Observer  
  199  28:01  Oracle (Chrono Boost)  
  197  28:35  Nexus  
  197  28:47  Oracle  
  197  29:14  Pylon  
  197  29:59  Zealot  
  199  30:03  Photon Cannon  
  199  30:05  Observer  
  199  30:08  Photon Cannon  
  199  30:11  Photon Cannon x2  
  199  30:15  Photon Cannon  
  199  30:17  Photon Cannon  
  199  30:18  Shield Battery  
  199  30:19  Pylon  
  196  30:32  Zealot  
  196  30:33  Zealot  
  200  30:38  Observer  
  189  30:54  Mothership (Chrono Boost)  
  189  30:55  Stalker x4  
  189  30:56  Stalker  
  189  31:16  Zealot x3  
  178  31:34  Stalker x2  
  178  31:35  Stalker x3  
  178  31:36  Stalker x2  
  178  31:37  Stalker  
  188  32:06  Probe  
  177  32:24  Stalker x7  
  177  32:25  Stalker  
Show
View Real Time Build Order
Export as new Build Order

Jieshi Protoss 

Build Orders:  

Get SALT Encoding   

  12  0:00  Probe  
  13  0:12  Probe  
  14  0:17  Pylon  
  14  0:25  Probe (Chrono Boost)  
  15  0:37  Probe (Chrono Boost), Gateway  
  16  0:43  Probe (Chrono Boost)  
  16  0:46  Assimilator  
  17  0:51  Probe  
  17  0:55  Assimilator  
  18  1:03  Probe (Chrono Boost)  
  19  1:08  Gateway  
  19  1:13  Probe (Chrono Boost)  
  19  1:18  Probe  
  21  1:26  Cybernetics Core  
  21  1:30  Probe  
  22  1:36  Pylon  
  22  1:42  Probe  
  23  1:54  Probe  
  24  2:03  Warp Gate (Chrono Boost), Sentry  
  26  2:15  Nexus  
  26  2:21  Pylon  
  26  2:24  Sentry  
  26  2:27  Probe  
  29  2:34  Sentry  
  31  2:39  Probe  
  31  2:41  Shield Battery  
  33  2:52  Probe  
  34  3:02  Robotics Facility  
  34  3:04  Probe (Chrono Boost)  
  35  3:16  Probe (Chrono Boost)  
  34  3:21  Probe (Chrono Boost)  
  34  3:26  Shield Battery  
  35  3:28  Probe (Chrono Boost)  
  37  3:36  Probe (Chrono Boost)  
  37  3:37  Twilight Council  
  37  3:39  Probe (Chrono Boost)  
  38  3:43  Probe x2 (Chrono Boost)  
  38  3:44  Stalker  
  42  3:49  Stalker  
  42  3:50  Observer  
  42  3:54  Probe x2  
  47  4:02  Pylon  
  47  4:06  Probe  
  47  4:08  Probe  
  49  4:14  Blink (Chrono Boost)  
  49  4:21  Nexus  
  49  4:23  Probe  
  49  4:27  Probe  
  50  4:34  Stalker  
  50  4:35  Stalker  
  50  4:36  Probe  
  55  4:39  Probe  
  56  4:48  Probe  
  56  4:50  Pylon  
  56  4:51  Probe  
  58  4:57  Forge  
  58  4:59  Gateway  
  58  5:00  Probe, Stalker  
  62  5:07  Probe, Pylon  
  62  5:08  Assimilator  
  62  5:12  Probe, Pylon  
  63  5:16  Stalker  
  65  5:24  Stalker  
  65  5:26  Probe  
  67  5:28  Probe  
  67  5:32  Protoss Ground Weapons Level 1 (Chrono Boost)  
  65  5:39  Probe (Chrono Boost)  
  65  5:41  Probe (Chrono Boost)  
  65  5:42  Probe (Chrono Boost)  
  70  5:50  Probe (Chrono Boost), Gateway, Observer  
  70  5:51  Probe (Chrono Boost)  
  70  5:52  Probe (Chrono Boost)  
  70  5:53  Gateway  
  70  5:55  Probe (Chrono Boost)  
  70  5:56  Probe (Chrono Boost), Shield Battery  
  72  5:57  Probe (Chrono Boost)  
  74  6:04  Probe  
  74  6:07  Probe  
  74  6:08  Probe, Photon Cannon  
  74  6:10  Charge (Chrono Boost)  
  77  6:16  Probe  
  77  6:19  Pylon  
  77  6:20  Probe  
  77  6:21  Gateway x2  
  78  6:25  Gateway  
  78  6:33  Probe  
  78  6:35  Stalker x3  
  78  6:39  Pylon  
  85  6:40  Warp Prism (Chrono Boost)  
  85  6:45  Probe  
  85  6:46  Pylon  
  88  6:50  Photon Cannon  
  88  6:54  Photon Cannon  
  88  6:59  Stalker x2  
  92  7:07  Pylon, Stalker  
  94  7:08  Stalker  
  94  7:15  Stalker  
  98  7:16  Stalker x2  
  98  7:18  Protoss Ground Weapons Level 2 (Chrono Boost)  
  98  7:22  Zealot x3  
  108  7:33  Nexus  
  108  7:41  Stalker x3  
  114  7:48  Stalker  
  114  7:49  Stalker  
  118  7:56  Stalker x3  
  124  8:02  Observer  
  124  8:13  Zealot x2  
  124  8:14  Zealot x2  
  124  8:18  Pylon  
  132  8:20  Pylon  
  124  8:30  Zealot x2  
  124  8:33  Stalker x2  
  116  8:34  Zealot x4  
  114  8:42  Observer  
  110  8:50  Gateway, Zealot  
  110  8:51  Gateway, Zealot  
  110  8:54  Probe x2  
  110  8:55  Probe, Pylon  
  115  9:05  Zealot  
  115  9:06  Zealot x3  
  115  9:07  Zealot x2  
  127  9:13  Stalker  
  127  9:14  Stalker  
  125  9:18  Immortal (Chrono Boost), Protoss Ground Weapons Level 3 (Chrono Boost)  
  125  9:23  Observer  
  125  9:28  Stalker x6  
  125  9:30  Probe x2  
  125  9:31  Probe x2  
  133  9:40  Shield Battery  
  133  9:42  Photon Cannon  
  133  9:43  Probe  
  133  9:46  Stalker  
  133  9:47  Stalker  
  133  9:49  Zealot x2  
  141  9:57  Photon Cannon  
  141  9:58  Stalker  
  143  10:00  Pylon, Stalker  
  143  10:04  Stalker  
  146  10:14  Stalker  
  146  10:15  Zealot x5  
  146  10:18  Probe  
  159  10:30  Probe  
  159  10:34  Stalker x2  
  164  10:36  Assimilator  
  164  10:39  Assimilator  
  164  10:41  Pylon  
  164  10:51  Observer  
  163  10:59  Warp Prism  
  163  11:00  Zealot x2  
  163  11:01  Zealot  
  163  11:02  Zealot x5  
  161  11:06  Stalker x4  
  161  11:07  Probe  
  168  11:14  Gateway  
  168  11:16  Stalker  
  168  11:17  Gateway, Stalker x2  
  168  11:18  Gateway  
  168  11:19  Probe, Stalker, Zealot x2  
  168  11:23  Nexus  
  168  11:25  Pylon  
  175  11:28  Robotics Bay  
  175  11:29  Pylon  
  175  11:32  Zealot x2  
  179  11:33  Probe  
  179  11:36  Photon Cannon  
  179  11:37  Photon Cannon  
  179  11:39  Shield Battery  
  180  11:45  Probe  
  177  11:51  Robotics Facility  
  177  11:52  Robotics Facility  
  177  11:53  Photon Cannon  
  177  11:55  Shield Battery  
  177  11:57  Probe  
  176  12:02  Protoss Ground Armor Level 1 (Chrono Boost)  
  164  12:09  Probe  
  164  12:12  Photon Cannon, Disruptor (Chrono Boost)  
  164  12:14  Shield Battery  
  165  12:16  Photon Cannon  
  165  12:18  Shield Battery  
  165  12:22  Robotics Facility  
  169  12:23  Probe x3  
  169  12:24  Photon Cannon x2  
  169  12:25  Shield Battery  
  171  12:41  Disruptor (Chrono Boost)  
  171  12:42  Observer (Chrono Boost)  
  176  12:51  Assimilator  
  176  12:54  Disruptor (Chrono Boost)  
  176  12:56  Assimilator  
  180  12:58  Gateway  
  180  12:59  Gateway  
  180  13:05  Pylon  
  180  13:06  Disruptor (Chrono Boost), Pylon  
  188  13:14  Disruptor (Chrono Boost)  
  188  13:17  Disruptor (Chrono Boost)  
  180  13:27  Zealot  
  180  13:28  Zealot x2  
  180  13:29  Zealot x5  
  180  13:30  Zealot x2  
  200  13:47  Disruptor  
  182  13:52  Disruptor  
  182  13:58  Stalker x2  
  182  13:59  Zealot x3  
  182  14:00  Zealot x4  
  200  14:06  Observer  
  199  14:10  Photon Cannon  
  199  14:11  Shield Battery  
  199  14:23  Observer  
  176  14:33  Disruptor (Chrono Boost)  
  176  14:34  Zealot  
  176  14:35  Protoss Shields Level 1 (Chrono Boost), Zealot x6  
  176  14:37  Disruptor (Chrono Boost)  
  198  14:42  Gateway x2  
  198  14:47  Stalker  
  198  14:49  Observer  
  198  14:58  Disruptor (Chrono Boost)  
  198  14:59  Probe  
  199  15:04  Stargate  
  199  15:11  Probe  
  200  15:15  Nexus, Gravitic Boosters (Chrono Boost)  
  200  15:17  Pylon  
  200  15:20  Dark Shrine, Pylon  
  199  15:42  Gateway  
  199  15:43  Photon Cannon, Nexus  
  199  15:46  Pylon  
  199  15:47  Gateway, Photon Cannon  
  199  15:48  Pylon  
  199  15:49  Photon Cannon  
  199  15:50  Shield Battery  
  199  15:51  Fleet Beacon  
  199  15:52  Shield Battery  
  199  15:56  Photon Cannon  
  199  15:59  Stargate x2, Assimilator  
  198  16:16  Zealot  
  200  16:44  Protoss Ground Armor Level 2 (Chrono Boost)  
  200  16:46  Cybernetics Core  
  200  16:55  Photon Cannon  
  200  16:58  Photon Cannon  
  200  17:02  Cybernetics Core  
  200  17:13  Gateway  
  200  17:14  Gateway  
  200  17:20  Nexus  
  200  17:23  Pylon  
  200  17:26  Pylon  
  200  17:30  Pylon  
  199  18:05  Gateway  
  199  18:06  Shadow Stride  
  199  18:07  Gateway  
  199  18:10  Photon Cannon  
  199  18:11  Photon Cannon, Assimilator  
  199  18:12  Photon Cannon  
  198  18:14  Photon Cannon, Assimilator  
  198  18:15  Observer (Chrono Boost)  
  198  18:16  Photon Cannon  
  198  18:17  Shield Battery  
  198  18:19  Shield Battery  
  199  18:20  Photon Cannon  
  199  18:22  Shield Battery  
  188  18:34  Zealot x4  
  188  18:35  Zealot x2  
  188  18:36  Zealot  
  200  18:45  Carrier (Chrono Boost)  
  196  18:53  Probe  
  199  18:56  Protoss Air Weapons Level 1 (Chrono Boost)  
  199  18:58  Carrier (Chrono Boost)  
  199  19:05  Probe, Observer  
  199  19:07  Assimilator  
  200  19:10  Protoss Air Armor Level 1 (Chrono Boost)  
  200  19:11  Assimilator  
  200  19:14  Pylon  
  200  19:18  Pylon  
  200  19:23  Protoss Ground Armor Level 3 (Chrono Boost)  
  200  19:24  Pylon  
  200  19:30  Photon Cannon  
  191  19:50  Carrier  
  195  20:04  Photon Cannon  
  195  20:05  Photon Cannon  
  195  20:06  Photon Cannon  
  195  20:07  Shield Battery  
  195  20:08  Shield Battery  
  195  20:11  Pylon  
  195  20:18  Dark Templar x2  
  187  20:35  Carrier x2  
  197  20:40  Stargate  
  197  20:43  Mothership  
  197  20:47  Stargate  
  194  20:58  Carrier (Chrono Boost)  
  194  21:01  Assimilator  
  200  21:05  Assimilator  
  200  21:08  Protoss Air Weapons Level 2 (Chrono Boost)  
  196  21:21  Protoss Air Armor Level 2 (Chrono Boost)  
  198  21:31  Carrier (Chrono Boost)  
  198  21:33  Pylon  
  198  21:35  Photon Cannon  
  198  21:36  Photon Cannon  
  198  21:39  Photon Cannon  
  196  21:42  Shield Battery  
  196  21:46  Protoss Shields Level 2 (Chrono Boost), Carrier (Chrono Boost)  
  196  21:47  Observer  
  196  21:53  Probe  
  198  22:05  Probe  
  197  22:18  Templar Archives  
  197  22:20  Probe  
  197  22:21  Nexus  
  198  22:25  Pylon  
  198  22:32  Probe  
  199  22:40  Observer  
  196  22:59  Photon Cannon  
  196  23:00  Photon Cannon  
  196  23:02  Photon Cannon  
  196  23:03  Shield Battery  
  196  23:04  Shield Battery  
  178  23:06  Shield Battery  
  178  23:07  Photon Cannon, Carrier (Chrono Boost), Pylon  
  178  23:08  Pylon  
  178  23:10  Carrier (Chrono Boost)  
  191  23:13  Dark Templar x3, Carrier (Chrono Boost)  
  191  23:14  Pylon  
  191  23:16  Observer  
  191  23:17  Carrier (Chrono Boost)  
  196  23:20  Carrier (Chrono Boost)  
  196  23:26  Assimilator  
  189  23:57  Carrier  
  189  24:00  Tempest  
  189  24:01  Protoss Air Weapons Level 3 (Chrono Boost)  
  189  24:02  Protoss Air Armor Level 3 (Chrono Boost)  
  200  24:07  Pylon  
  200  24:08  Pylon x2  
  199  24:13  Tempest  
  199  24:14  Probe  
  197  24:17  Pylon  
  197  24:18  Pylon  
  197  24:22  Oracle  
  192  24:27  Pylon  
  192  24:31  Photon Cannon  
  190  24:32  Protoss Shields Level 3 (Chrono Boost), Photon Cannon  
  190  24:33  Assimilator  
  190  24:34  Photon Cannon  
  190  24:36  Observer  
  190  24:42  Dark Templar  
  190  24:43  Dark Templar x2  
  196  25:05  Dark Templar x2  
  200  25:18  Pylon  
  198  25:23  Dark Templar  
  196  26:06  Dark Templar x2  
  196  26:08  Tempest  
  198  26:24  Tempest  
  199  26:30  Zealot  
  199  26:42  Observer  
  188  26:55  Dark Templar x3, Zealot x2  
  188  26:56  Zealot  
  200  27:06  Stargate  
  198  27:13  Stargate  
  194  27:19  Carrier  
  184  27:30  Observer (Chrono Boost)  
  186  27:38  Observer (Chrono Boost)  
  186  27:39  Gateway  
  186  27:42  Gateway  
  186  27:44  Dark Templar x2  
  186  27:45  Dark Templar x3  
  186  27:46  Dark Templar x2  
  200  28:02  Pylon  
  190  28:28  Photon Cannon  
  190  28:29  Photon Cannon  
  190  28:31  Photon Cannon  
  190  28:32  Photon Cannon  
  190  28:33  Photon Cannon  
  189  28:35  Observer  
  189  28:36  Shield Battery  
  189  28:37  Shield Battery  
  189  28:38  Shield Battery  
  189  28:40  Shield Battery  
  184  28:42  Photon Cannon  
  184  28:43  Photon Cannon, Stalker x2  
  184  28:44  Pylon, Stalker x6  
  184  28:46  Pylon  
  200  28:53  Tempest (Chrono Boost)  
  196  28:59  Stalker  
  189  29:08  Observer, Tempest (Chrono Boost)  
  198  29:10  Tempest (Chrono Boost)  
  198  29:15  Tempest (Chrono Boost)  
  196  29:21  Observer  
  184  29:32  Dark Templar  
  184  29:33  Dark Templar  
  184  29:34  Dark Templar x4  
  189  29:43  Observer (Chrono Boost), Tempest x3 (Chrono Boost)  
  197  29:47  Observer  
  184  29:54  Tempest x2  
  191  30:00  Zealot x3  
  191  30:01  Zealot x2  
  175  30:21  Dark Templar x3  
  175  30:23  Carrier x2  
  193  30:30  Tempest x2  
  185  30:36  Tempest  
  185  30:41  Tempest  
  159  30:47  Tempest  
  158  30:50  Zealot x2  
  158  30:51  Dark Templar x2  
  147  30:59  Zealot x2  
  147  31:00  Zealot  
  139  31:08  Zealot x4  
  133  31:12  Tempest  
  133  31:17  Stalker  
  127  31:30  Tempest  
  106  31:50  Dark Templar  
  97  32:01  Dark Templar  
Tags
 
Add a new tag
Caveats
  • Supply blocks, unpowered buildings, or Contaminate may cause inaccurate times.
  • Supply counts are checked every 10 seconds.